 Dungeon Crawl Stone Soup version 0.26.1-11-gd32895ea62 (webtiles) character file.

Game seed: 15534519035922355521

242 Zeld the Digger (level 6, 0/36 HPs)
             Began as a Gargoyle Earth Elementalist on June 14, 2021.
             Slain by an adder (1 damage)
             ... on level 3 of the Dungeon.
             The game lasted 00:03:06 (3305 turns).

Zeld the Digger (Gargoyle Earth Elementalist)       Turns: 3305, Time: 00:03:06

Health: 0/36       AC:  7    Str:  7    XL:     6   Next: 9%
Magic:  1/10       EV: 12    Int: 18    God:
Gold:   147        SH:  0    Dex: 10    Spells: 1/11 levels left

rFire    . . .     SeeInvis .   (no weapon)
rCold    . . .     Faith    .   (no shield)
rNeg     + . .     Spirit   .   c - +0 robe
rPois    ∞         Reflect  .   (no helmet)
rElec    +         Harm     .   l - +0 cloak
rCorr    .         Rampage  .   (no gloves)
Will     .....                  (no boots)
Stlth    ++........             d - amulet of inaccuracy (curse)
HPRegen  0.12/turn              (no ring)
MPRegen  0.12/turn              o - -4 ring of strength (curse)

@: no status effects
A: negative energy resistance 1, electricity resistance, unbreathing,
petrification resistance, miasma immunity, AC +4
a: no special abilities


You were on level 3 of the Dungeon.
You visited 1 branch of the dungeon, and saw 3 of its levels.

You collected 147 gold pieces.

Inventory:

Armour
 c - a +0 robe (worn)
 l - a +0 cloak (worn)
Jewellery
 d - a cursed amulet of inaccuracy (around neck)
 o - a cursed -4 ring of strength (right hand)
Wands
 n - a wand of flame (14)
Scrolls
 a - 2 scrolls of teleportation {unknown}
 f - 4 scrolls of remove curse {unknown}
 h - 3 scrolls of identify {unknown}
 k - a scroll of enchant armour {unknown}
 m - a scroll of fear {unknown}
 r - a scroll of immolation {unknown}
Potions
 e - a potion of might {unknown}
 g - a potion of flight {unknown}
 i - a potion of ambrosia {unknown}
 j - a potion of cancellation {unknown}
 p - 2 potions of haste {unknown}
 q - a potion of lignification {unknown}


   Skills:
 + Level 2.5 Fighting
 + Level 2.6 Dodging
 + Level 3.7 Stealth
 + Level 3.0 Spellcasting
 - Level 1.0 Transmutations
 + Level 4.7 Earth Magic


You had one spell level left.
You knew the following spells:

 Your Spells              Type           Power        Failure   Level
a - Sandblast             Erth           38%          2%          1
b - Passwall              Tmut/Erth      10%          8%          2
c - Stone Arrow           Conj/Erth      22%          19%         3
d - Petrify               Tmut/Erth      13%          45%         4

Your spell library contained the following spells:

 Spells                   Type           Power        Failure   Level
 Lee's Rapid Deconstruct  Erth           9%           54%         5


Dungeon Overview and Level Annotations

Branches:
Dungeon (3/15)

Altars:
Uskayaw
Vehumet
Xom

Annotations:
D:3 Robin


Innate Abilities, Weirdness & Mutations

You are resistant to torment.
Your stone body is resilient. (AC +4)
You are immune to poison.
You resist negative energy. (rN+)
You are resistant to electric shocks. (rElec)
You can survive without breathing.
You are immune to petrification.
You are immune to miasma.


Message History

The goblin no longer looks unusually strong.
Things that are here:
a +0 club; a goblin corpse Robin throws the goblin at you!
The goblin closely misses you.
You hit the goblin.
The goblin is moderately wounded.
The adder bites you.
* * * LOW HITPOINT WARNING * * *
Robin roars a battlecry!
The goblins go into a battle-frenzy!
The goblin hits you but does no damage. The adder bites you but does no damage.
You closely miss the goblin.
The goblin is moderately wounded.
The adder misses you. The goblin hits you.
* * * LOW HITPOINT WARNING * * *
Unknown command.
You hit the goblin.
The goblin is severely wounded.
The adder bites you.
You die...

#.....# #)# #####.# #.#
#.# #.# #.# #.# #.# #.#
#.# #.# ..## #.# ..# #...
.. #g# ...# #.# #@# ...
###.### #S# ..# #.....#
#g# #.###.....### #g#
........†..[# #.#
..##........## #.# #
gg.#.........###g####.###.
#g.g.......#.g.gg.........
#.#...#.##...###.)..######


You could see Robin, an adder, 2 hobgoblins and 3 goblins.

Vanquished Creatures
  Sigmund (D:3)
  3 adders
  A shadow imp (D:2)
  A worm (D:3)
  A dart slug (D:2)
  2 leopard geckos (D:3)
  An orc (D:3)
  A giant cockroach (D:1)
  10 goblins
  7 hobgoblins
  5 jackals
  3 kobolds
  4 bats
  4 frilled lizards
  6 rats
50 creatures vanquished.

Notes
Turn   | Place    | Note
-------+----------+-------------------------------------------
     0 | D:1      | Zeld the Gargoyle Earth Elementalist began the quest for
                  | the Orb.
     0 | D:1      | Reached XP level 1. HP: 10/10 MP: 3/3
   353 | D:1      | Reached XP level 2. HP: 16/16 MP: 1/5
   596 | D:1      | Reached skill level 1 in Transmutations
   683 | D:1      | Learned a level 2 spell: Passwall
  1243 | D:1      | Reached XP level 3. HP: 20/20 MP: 0/6
  1247 | D:1      | Learned a level 3 spell: Stone Arrow
  1347 | D:2      | Found a shimmering altar of Xom.
  1512 | D:2      | Reached skill level 1 in Fighting
  1512 | D:2      | Reached skill level 4 in Earth Magic
  1725 | D:2      | Found a hide-covered altar of Uskayaw.
  2420 | D:2      | Reached XP level 4. HP: 25/25 MP: 5/7
  2914 | D:3      | Noticed Sigmund
  2928 | D:3      | Killed Sigmund
  2929 | D:3      | Reached XP level 5. HP: 11/31 MP: 1/9
  2929 | D:3      | Reached XP level 6. HP: 13/36 MP: 1/10
  2934 | D:3      | Learned a level 4 spell: Petrify
  3235 | D:3      | Noticed Robin
  3236 | D:3      | Found a radiant altar of Vehumet.
  3304 | D:3      | HP: 1/36 [goblin[Robin] (4)]
  3305 | D:3      | Slain by an adder

Illustrated notes

Levels and vault maps discovered:
D:1:      lemuel_arrival_behind_the_door_large, layout_basic
D:2:      layout_basic, eat_drink_and_be_merry_uskayaw, lemuel_crystal_altar,
          serial_corexii_hall, corexii_hall_statues_l,
          chequers_hall_statues_corner_a, minmay_3d_cube
D:3:      layout_loops_ring, grunt_dithmenos_smoke_and_mirrors,
          vehumet_crystals, uniq_sigmund, uniq_robin

Skill      XL: |  1  2  3  4 |
---------------+-------------+-----
Transmutations | 1 |  1.0
Fighting       | 1 2 |  2.5
Earth Magic    | 4 |  4.7
Dodging        | 2 |  2.6
Stealth        | 3 |  3.7
Spellcasting   | 3 |  3.0

Action                   |  1- 3 |  4- 6 || total
-------------------------+-------+-------++-------
Melee: Unarmed           |    15 |    39 ||    54
 Cast: Sandblast         |    57 |    31 ||    88
       Stone Arrow       |       |     4 ||     4
Armor: Robe              |    10 |    35 ||    45
Dodge: Dodged            |    18 |    51 ||    69
